[Event "CZE-ch U14 Open 2023"]
[Site "Teplice"]
[Date "2023.03.18"]
[Round "9.11"]
[White "Macosek, Alex"]
[Black "Krautschneider, Daniel Jan"]
[Result "0-1"]
[ECO "D00"]
[WhiteElo "1466"]
[BlackElo "1679"]
[Annotator "NA RC COMBH"]
[PlyCount "80"]
[EventDate "2023.03.09"]
[EventType "swiss"]
[EventCountry "CZE"]
[SourceTitle "playchess.com"]
[Source "ChessBase"]
[SourceQuality "1"]
[TimeControl "40/5400+30:1800+30"]

1. d4 d5 2. Bf4 c5 3. c3 Nc6 4. e3 Qb6 5. Qb3 c4 6. Qc2 e5 7. dxe5 Bf5 8. Qd2 f6 9. Nf3 g5 10. Bg3 h5 11. exf6 Nxf6 12. Nxg5 Bg7 13. h4 O-O 14. Be2 Rad8 15. O-O Bh6 16. f3 Rfe8 17. Bf2 Qc7 18. Na3 Ne5 19. Qd4 a6 20. Bg3 Nh7 21. Bh2 Bg7 22. Qf4 Rf8 23. Qg3 Kh8 24. e4 Qb6+ 25. Kh1 Bc8 26. Nxh7 Kxh7 27. Qg5 Rd6 28. Bxe5 Rg6 29. Qe7 Rg8 30. Nxc4 dxc4 31. Bxc4 Be6 32. Bd4 Qxb2 33. Rg1 Bxc4 34. Rab1 Qxa2 35. Rxb7 Bf1 36. g3 Be2 37. Qf7 Qd2 38. Qf5 Kh6 39. Qf7 Rf6 40. Qd5 Bxf3+ 0-1

[Event "CZE-ch U14 Open 2023"]
[Site "Teplice"]
[Date "2023.03.18"]
[Round "9.12"]
[White "Soucek, Andrej"]
[Black "Striz, Tadeas"]
[Result "1/2-1/2"]
[ECO "E01"]
[WhiteElo "1679"]
[BlackElo "1503"]
[Annotator "NA RC COMBH"]
[PlyCount "60"]
[EventDate "2023.03.09"]
[EventType "swiss"]
[EventCountry "CZE"]
[SourceTitle "playchess.com"]
[Source "ChessBase"]
[SourceQuality "1"]
[TimeControl "40/5400+30:1800+30"]

1. d4 Nf6 2. c4 e6 3. g3 d5 4. Bg2 b6 5. Nc3 Bb7 6. Qc2 Bb4 7. Bg5 Nbd7 8. e3 h6 9. Bxf6 Bxc3+ 10. bxc3 Nxf6 11. Ne2 O-O 12. O-O c6 13. Qa4 Qc8 14. cxd5 cxd5 15. Rfc1 Ba6 16. Bf1 Ne4 17. Qc2 Qc6 18. f3 Nd6 19. Nf4 Bxf1 20. Kxf1 Rfc8 21. Qb3 Rc7 22. Rc2 Rac8 23. Rac1 Qc4+ 24. Kf2 b5 25. g4 Qxb3 26. axb3 b4 27. Ne2 Nb5 28. Ke1 Nxc3 29. Nxc3 bxc3 30. Ke2 Kf8 1/2-1/2